 Dungeon Crawl Stone Soup version 0.28.0-49-g6dfe1f597d (webtiles) character file.

Game seed: 8783903791863336580

43215 Peloso the Fencer (level 13, -1/112 (122) HPs)
             Began as a Minotaur Fighter on May 17, 2022.
             Slain by an ice devil (9 damage)
             ... summoned by an orc sorcerer
             ... while paralysed by an orc sorcerer
             ... on level 2 of the Orcish Mines.
             The game lasted 00:42:01 (21569 turns).

Peloso the Fencer (Minotaur Fighter)               Turns: 21569, Time: 00:42:01

HP:   -1/112 (122)  AC:  9    Str: 24    XL:     13   Next: 89%
MP:   0/12          EV:  2    Int:  9    God:
Gold: 1650          SH:  0    Dex: 17    Spells: 12/12 levels left

rFire   . . .      SeeInvis +   b - +5 scimitar
rCold   . . .      Faith    .   c - +0 kite shield
rNeg    . . .      Spirit   +   m - +4 robe of Augmentation {Str+4 Int+4 Dex+4}
rPois   .          Reflect  .   P - +2 hat
rElec   +          Harm     .   n - +0 cloak
rCorr   +          Rampage  .   (no gloves)
Will    .....                   F - -2 pair of boots of Ceigoru {Fly rElec Str-3 SInv}
Stlth   ++++......              t - amulet of guardian spirit
HPRegen 0.28/turn               l - +4 ring of slaying
MPRegen 0.13/turn               M - ring of resist corrosion

@: paralysed, flying, studying Armour, drained
A: horns 2, retaliatory headbutt
a: no special abilities


You were on level 2 of the Orcish Mines.
You visited 3 branches of the dungeon, and saw 18 of its levels.
You also visited: Sewer and Gauntlet.

You collected 1704 gold pieces.
You spent 54 gold pieces at shops.

Inventory:

Hand Weapons
 a - a +0 falchion of flaming
 b - a +5 scimitar (weapon)
Armour
 c - a +0 kite shield (worn)
 m - the +4 robe of Augmentation (worn) {Str+4 Int+4 Dex+4}
   (You found it on level 3 of the Dungeon)

   Str:       It affects your strength (+4).
   Int:       It affects your intelligence (+4).
   Dex:       It affects your dexterity (+4).
 n - a +0 cloak (worn)
 F - the -2 pair of boots of Ceigoru (worn) {Fly rElec Str-3 SInv}
   (You found it on level 6 of the Dungeon)

   Str:       It affects your strength (-3).
   rElec:     It insulates you from electricity.
   SInv:      It lets you see invisible.
   Fly:       It grants you flight.
 P - a +2 hat (worn)
Jewellery
 h - a ring of fire
 l - a +4 ring of slaying (left hand)
 r - a ring of flight
 t - an amulet of guardian spirit (around neck)
 D - a +6 ring of dexterity
 E - a +4 ring of protection
 I - a ring of protection from cold
 M - a ring of resist corrosion (right hand)
 O - a ring of ice
 R - a ring of positive energy
 W - a +6 ring of dexterity
 X - a +6 ring of strength
Scrolls
 f - a scroll of fog
 p - 7 scrolls of immolation
 y - 3 scrolls of teleportation
 C - 2 scrolls of magic mapping
 G - a scroll of amnesia
 L - 3 scrolls of noise
 Q - a scroll of summoning
 S - a scroll of fear {unknown}
 T - a scroll of holy word
Potions
 d - 4 potions of might
 i - 2 potions of berserk rage
 j - 2 potions of haste
 k - 4 potions of resistance
 s - 7 potions of curing
 v - 2 potions of attraction {unknown}
 x - 3 potions of flight
 A - 4 potions of lignification {unknown}
 B - a potion of brilliance {unknown}
 J - 3 potions of invisibility
 Z - a potion of experience {unknown}


   Skills:
 + Level 13.3 Fighting
 + Level 15.6 Long Blades
 + Level 6.1 Armour
 + Level 12.3 Dodging
 + Level 7.0 Stealth
 + Level 13.2 Shields


You had 12 spell levels left.
You didn't know any spells.
Your spell library contained the following spells:

 Spells                   Type           Power      Damage    Failure   Level
 Freeze                   Ice            0%         1d3       61%         1
 Sandblast                Erth           0%         2d4       61%         1
 Blink                    Tloc           0%         N/A       75%         2
 Passwall                 Tmut/Erth      0%         N/A       75%         2
 Frozen Ramparts          Ice            0%         1d2       93%         3
 Stone Arrow              Conj/Erth      0%         3d7       93%         3
 Cause Fear               Hex            0%         N/A       100%        4
 Hailstorm                Conj/Ice       0%         3d3       100%        4
 Summon Ice Beast         Ice/Summ       0%         N/A       100%        4
 Manifold Assault         Tloc           0%         N/A       100%        5
 Summon Mana Viper        Hex/Summ       0%         N/A       100%        5
 Dragon Form              Tmut           0%         N/A       100%        7
 Monstrous Menagerie      Summ           0%         N/A       100%        7
 Storm Form               Tmut/Air       0%         N/A       100%        7
 Borgnjor's Revivificati  Necr           0%         N/A       100%        8
 Necromutation            Tmut/Necr      0%         N/A       100%        8
 Chain Lightning          Conj/Air       0%         N/A       100%        9
 Death's Door             Necr           0%         N/A       100%        9
 Dragon's Call            Summ           0%         N/A       100%        9
 Fire Storm               Conj/Fire      0%         5d1       100%        9
 Shatter                  Erth           0%         3d5*      100%        9


Dungeon Overview and Level Annotations

Branches:
Dungeon (12/15)            Temple (0/1) D:4            Lair (4/6) D:10
 Shoals (0/4) Lair:3          Orc (2/2) D:11            Elf (0/3) Orc:2
  Sewer (visited)         Gauntlet (visited)
  Snake: Lair:2-4    Spider: Lair:2-4

Altars:
Ashenzari
Elyvilon
Kikubaaqudgha
Makhleb
Ru
Wu Jian
Zin
The Shining One
Beogh

Shops:
D:11 [   Orc:2 *

Annotations:
D:10 dig
D:12 Casa
Lair:1 3 runed translucent doors, Zusoliwk's ghost, journeyman CeHu


Innate Abilities, Weirdness & Mutations

You have a pair of horns on your head.
You reflexively headbutt those who attack you in melee.


Message History

You block the orc warrior's attack.
Things that are here:
a +0 dagger; a +0 robe; an orc corpse You slice the orc!!
You kill the orc!
You block the orc high priest's attack.
The orc sorcerer casts a spell.
Unknown command.
You slash the orc warrior! You headbutt the orc warrior.
The orc warrior is severely wounded.
You block the orc high priest's attack. The orc warrior closely misses you.
The orc sorcerer gestures at you while chanting.
You suddenly lose the ability to move!
The orc high priest hits you from afar with a +0 glaive.
The orc warrior hits you with a +0 hand axe.
The orc high priest hits you from afar with a +0 glaive.
The orc sorcerer hits you with a +0 dagger.
The orc warrior hits you with a +0 hand axe!
The orc high priest hits you from afar with a +0 glaive.
The orc warrior hits you with a +0 hand axe.
The orc sorcerer gestures wildly while chanting.
The orc high priest hits you from afar with a +0 glaive!
The orc warrior hits you with a +0 hand axe!
The orc sorcerer hits you but does no damage.
The ice devil hits you but does no damage.
The orc high priest hits you from afar with a +0 glaive.
The orc sorcerer gestures at you while chanting.
The bolt of negative energy hits you!!
You feel drained.
The orc warrior hits you with a +0 hand axe.
The ice devil hits you but does no damage.
The orc high priest hits you but does no damage.
The orc sorcerer points at you and mumbles some strange words.
The bolt of negative energy hits you!!
You feel drained.
* * * LOW HITPOINT WARNING * * *
The orc warrior hits you with a +0 hand axe.
* * * LOW HITPOINT WARNING * * *
The ice devil hits you.
* * * LOW HITPOINT WARNING * * *
The ice devil freezes you!
You die...

#...............#.. ##
##...............#.
##.#####................
#....##.................
#....[[................#
#..)<)........#.#...#.#.
#....##[........###..###.
##.#####4..#...##........
####.##@..#.............
##.#..4oo.o.#........#...
#.....##....#....#......#
##...###.................
##...####................[
###.8[8.##..................
#.....o..)#.#...............
#...##oo4##...####............
..# #)).oo###..#..............


You could see an orc high priest, an ice devil (summoned), a chaos spawn
(summoned), an orc sorcerer and an orc warrior.

Vanquished Creatures
  Gastronok (Lair:3)
  An orc warlord (Orc:1)
  A minotaur (Gauntlet)
  A dire elephant (Gauntlet)
  A catoblepas (Lair:3)
  2 boulder beetles (D:12)
  A hydra (Lair:3)
  9 two-headed ogres
  Sonja (Lair:1)
  A sixfirhy (D:11)
  2 deep elf pyromancers (D:12)
  An orc knight (Orc:1)
  5 orc sorcerers (Orc:2)
  An oklob plant (Gauntlet)
  A cyclops (D:12)
  2 manticores (D:11)
  Joseph (Lair:1)
  11 elephants
  A black mamba (Lair:3)
  Maurice (D:11)
  2 minotaur zombies (Gauntlet)
  2 unseen horrors (D:12)
  3 cane toads
  2 komodo dragons
  A rime drake (Lair:2)
  4 trolls
  2 hornets
  3 slime creatures (D:10)
  A raiju (Gauntlet)
  3 blink frogs (Lair:3)
  Sigmund (D:5)
  A shadow (D:7)
  A wyvern (Lair:2)
  2 wraiths
  A human (shapeshifter) (D:9)
  25 yaks
  A basilisk (Lair:2)
  5 wargs
  3 vampire mosquitoes (D:12)
  5 steam dragons
  An acid dragon (Gauntlet)
  7 water moccasins
  25 orc warriors
  2 black bears
  4 necrophages
  5 wolves (Lair:3)
  8 centaurs
  An ogre (D:4)
  11 bullfrogs
  2 kobold brigands (Sewer)
  A gnoll sergeant (D:8)
  A scorpion (D:6)
  A wyvern skeleton (D:5)
  A water moccasin zombie (D:5)
  9 killer bees
  6 wights (D:11)
  4 howler monkeys
  A bullfrog zombie (D:4)
  8 centaur zombies
  18 orc priests
  2 centaur skeletons (D:7)
  3 hounds
  A jelly (D:6)
  An iron imp (D:5)
  A bullfrog skeleton (D:6)
  2 iguanas
  Natasha (thrice) (D:2)
  18 orc wizards
  A hound zombie (D:5)
  A hound skeleton (D:4)
  3 mummies (D:11)
  3 howler monkey zombies
  9 gnolls
  2 river rats (Sewer)
  10 adders
  4 white imps
  An ufetubus (D:5)
  An adder zombie (D:5)
  An adder skeleton (D:4)
  A worm (D:3)
  85 orcs
  7 ball pythons
  5 endoplasms
  2 giant cockroaches (D:1)
  7 goblins
  6 hobgoblins
  6 jackals
  19 kobolds
  3 quokkas
  8 bats
  A frilled lizard (D:3)
  2 goblin skeletons (D:5)
  2 goblin zombies (D:5)
  2 hobgoblin zombies (D:5)
  2 kobold skeletons (D:5)
  A kobold zombie (D:5)
  An orc skeleton (D:5)
  3 orc zombies (D:5)
  7 rats
466 creatures vanquished.

Vanquished Creatures (others)
  A bush (Lair:3)
  10 fungi
  48 plants
  A withered plant (D:11)
60 creatures vanquished.

Grand Total: 526 creatures vanquished

Notes
Turn   | Place    | Note
-------+----------+-------------------------------------------
     0 | D:1      | Peloso the Minotaur Fighter began the quest for the Orb.
     0 | D:1      | Reached XP level 1. HP: 19/19 MP: 0/0
   209 | D:1      | Reached XP level 2. HP: 21/27 MP: 1/1
   569 | D:2      | Noticed Natasha
   857 | D:2      | Noticed a crimson imp
   858 | D:2      | Killed Natasha
   859 | D:2      | Reached XP level 3. HP: 29/33 MP: 2/2
   896 | D:2      | Reached skill level 3 in Long Blades
   982 | D:2      | Found a white marble altar of Elyvilon.
  1003 | D:2      | Reached XP level 4. HP: 26/40 MP: 3/3
  1395 | D:2      | Noticed Natasha
  1403 | D:2      | Killed Natasha
  1404 | D:2      | Reached skill level 5 in Armour
  1409 | D:2      | Reached XP level 5. HP: 43/47 MP: 4/4
  1521 | D:2      | Noticed Natasha
  1528 | D:2      | Killed Natasha
  1529 | D:2      | Reached skill level 1 in Dodging
  1763 | D:3      | Found an ancient bone altar of Kikubaaqudgha.
  2078 | D:3      | Reached skill level 4 in Long Blades
  2406 | D:3      | Found the +4 robe of Augmentation {Str+4 Int+4 Dex+4}
  2814 | D:4      | Noticed a black bear
  2826 | D:4      | Reached XP level 6. HP: 46/53 MP: 5/5
  2829 | D:4      | Reached skill level 5 in Long Blades
  3148 | D:4      | Reached skill level 5 in Fighting
  3157 | D:4      | Reached skill level 5 in Shields
  3157 | D:4      | Reached XP level 7. HP: 41/61 MP: 6/6
  3310 | D:4      | Found a staircase to the Ecumenical Temple.
  3789 | D:5      | Entered Level 5 of the Dungeon
  3812 | D:5      | Found a glowing golden altar of the Shining One.
  3826 | D:5      | Reached skill level 6 in Long Blades
  3873 | D:5      | Found a glowing drain.
  3882 | Sewer    | Entered a sewer
  4001 | Sewer    | Reached skill level 1 in Stealth
  4232 | Sewer    | Found a white marble altar of Elyvilon.
  4381 | D:5      | Noticed a steam dragon
  4392 | D:5      | Killed a steam dragon
  4393 | D:5      | Reached skill level 7 in Long Blades
  4393 | D:5      | Reached XP level 8. HP: 10/70 MP: 7/7
  4859 | D:5      | Noticed Sigmund
  4870 | D:5      | Killed Sigmund
  5100 | D:6      | Reached skill level 8 in Long Blades
  5119 | D:6      | Reached skill level 9 in Long Blades
  5119 | D:6      | Reached XP level 9. HP: 49/79 MP: 4/8
  5124 | D:6      | Reached skill level 5 in Dodging
  5303 | D:6      | Found an ornate altar of the Wu Jian Council.
  5530 | D:6      | Identified the -2 pair of boots of Ceigoru {Fly rElec Str-3
                  | SInv}
  6168 | D:6      | Found a burning altar of Makhleb.
  6168 | D:6      | Noticed a balrug
  6171 | D:6      | Noticed a smoke demon
  6292 | D:7      | Noticed a two-headed ogre
  6297 | D:7      | Killed a two-headed ogre
  6298 | D:7      | Reached skill level 10 in Long Blades
  6764 | D:7      | Found a broken altar of Ashenzari.
  7311 | D:8      | Reached skill level 11 in Long Blades
  7430 | D:8      | Reached XP level 10. HP: 75/89 MP: 9/9
  7516 | D:8      | Identified the +1 scale mail of Winter {Harm Int+4}
  7591 | D:8      | Identified the +1 falchion of the Sea {antimagic, *Slow
                  | Will+++ Dex-4}
  7878 | D:9      | Found a glowing silver altar of Zin.
  7878 | D:9      | Paralysed by a hornet for 3 turns
  8283 | D:9      | Noticed a two-headed ogre
  8290 | D:9      | Killed a two-headed ogre
  8930 | D:10     | Entered Level 10 of the Dungeon
  9040 | D:10     | Found a staircase to the Lair.
  9284 | D:10     | Noticed a two-headed ogre
  9284 | D:10     | Noticed a two-headed ogre
  9296 | D:10     | Killed a two-headed ogre
  9297 | D:10     | Reached skill level 12 in Long Blades
  9324 | D:10     | Killed a two-headed ogre
  9874 | D:10     | Reached XP level 11. HP: 80/97 MP: 8/10
 10031 | D:10     | Noticed a two-headed ogre
 10036 | D:10     | Killed a two-headed ogre
 10710 | D:11     | Reached skill level 5 in Stealth
 10813 | D:11     | Found Gexuavom's Armour Shop.
 10816 | D:11     | Found a staircase to the Orcish Mines.
 11314 | D:11     | Reached skill level 13 in Long Blades
 11314 | D:11     | Reached skill level 10 in Shields
 11452 | D:11     | Noticed a two-headed ogre
 11465 | D:11     | Killed a two-headed ogre
 11471 | D:11     | Reached skill level 10 in Fighting
 11613 | D:11     | Noticed Maurice
 11628 | D:11     | Noticed a cyan ugly thing
 11628 | D:11     | Noticed a cyan ugly thing
 11629 | D:11     | Killed Maurice
 11844 | D:11     | Noticed a two-headed ogre
 11856 | D:11     | Killed a two-headed ogre
 11942 | D:11     | Noticed a sixfirhy
 11943 | D:11     | Found a runed translucent door.
 12261 | D:11     | Killed a sixfirhy
 12405 | Lair:1   | Entered Level 1 of the Lair of Beasts
 12484 | Lair:1   | Noticed an ice dragon
 12485 | Lair:1   | Noticed Zusoliwk's ghost (journeyman CeHu)
 12502 | Lair:1   | Reached XP level 12. HP: 106/106 MP: 11/11
 12822 | Lair:1   | Noticed Joseph
 12832 | Lair:1   | Killed Joseph
 12833 | Lair:1   | Reached skill level 10 in Dodging
 12841 | Lair:1   | Found a runed translucent gate.
 12841 | Lair:1   | Found a runed translucent gate.
 12841 | Lair:1   | Found a runed translucent gate.
 12941 | Lair:1   | Noticed Sonja
 12955 | Lair:1   | Killed Sonja
 14147 | D:12     | Reached skill level 14 in Long Blades
 14288 | D:12     | Noticed a two-headed ogre
 14295 | D:12     | Killed a two-headed ogre
 14405 | D:12     | Noticed a boulder beetle
 14414 | D:12     | Killed a boulder beetle
 14474 | D:12     | Noticed a two-headed ogre
 14481 | D:12     | Noticed a boulder beetle
 14484 | D:12     | Killed a two-headed ogre
 14508 | D:12     | Killed a boulder beetle
 16200 | Lair:3   | Found a staircase to the Shoals.
 16215 | Lair:3   | Noticed a catoblepas
 16252 | Lair:3   | Noticed Gastronok
 16435 | Lair:3   | Killed Gastronok
 16571 | Lair:3   | Reached XP level 13. HP: 117/117 MP: 12/12
 16699 | Lair:3   | Found a sacrificial altar of Ru.
 17303 | Lair:3   | Reached skill level 15 in Long Blades
 17809 | Lair:4   | Found a gate leading to a gauntlet.
 17812 | Gauntlet | Entered a Gauntlet
 17812 | Gauntlet | Found a transporter.
 17815 | Gauntlet | Found a transporter.
 17817 | Gauntlet | Found a transporter.
 17833 | Gauntlet | Found a transporter.
 17834 | Gauntlet | Found a transporter.
 17839 | Gauntlet | Noticed a dire elephant
 17849 | Gauntlet | Found a transporter.
 17854 | Gauntlet | Found a runed translucent door.
 17861 | Gauntlet | Found a transporter.
 17865 | Gauntlet | Found a transporter.
 17885 | Gauntlet | Found a transporter.
 17892 | Gauntlet | Found a transporter.
 17911 | Gauntlet | Found a runed translucent gate.
 17912 | Gauntlet | Found a transporter.
 17912 | Gauntlet | Found a runed translucent gate.
 17912 | Gauntlet | Found a transporter.
 17913 | Gauntlet | Found a runed translucent gate.
 17941 | Gauntlet | Found a transporter.
 17958 | Gauntlet | Found a transporter.
 18169 | Gauntlet | Killed a dire elephant
 18385 | Gauntlet | Noticed a minotaur
 18399 | Gauntlet | Killed a minotaur
 18949 | Orc:1    | Entered Level 1 of the Orcish Mines
 19625 | Orc:2    | Entered Level 2 of the Orcish Mines
 19625 | Orc:2    | Found a staircase to the Elven Halls.
 20404 | Orc:2    | Found Orrywn's Assorted Antiques.
 20428 | Orc:2    | Bought a scroll of identify for 54 gold pieces
 20773 | Orc:2    | Noticed an orc warlord
 21151 | Orc:1    | Killed an orc warlord
 21563 | Orc:2    | Paralysed by an orc sorcerer for 6 turns
 21569 | Orc:2    | Slain by an ice devil

Illustrated notes

Levels and vault maps discovered:
D:1:      ncdulo_smallfort, layout_basic
D:2:      layout_rooms, basic_altar, uniq_natasha
D:3:      layout_basic, mainiacjoe_overflow_24_doors, lexackson_kobold_supper
D:4:      layout_loops_ring, minmay_temple_entry_statues_pillars,
          minmay_manual_mail
D:5:      layout_rooms, nicolae_tso_besieged_by_evil, portal_sewer_entry_d,
          uniq_sigmund
D:6:      layout_loops_ring, makhleb_altar_promises_db,
          mainiacjoe_overflow_boulevard
D:7:      layout_cave_pools, mainiacjoe_overflow_alcove_1
D:8:      layout_cave_pods
D:9:      layout_roguey, mainiacjoe_overflow_tiny_flanked,
          minmay_variable_closet
D:10:     layout_stronghold, erik_lair_orcish_takeover, hive_lemuel
D:11:     cheibrodos_shockbox, layout_basic, orc_david_3, serial_undead,
          serial_undead_d, serial_undead_c, serial_undead_b, serial_undead_b,
          serial_undead_b, serial_undead_a, serial_undead_a, serial_undead_f,
          serial_undead_c, serial_undead_f, hangedman_decor_points, uniq_maurice
D:12:     layout_big_octagon
Lair:1:   layout_small_grid, gammafunk_ghost_icy, uniq_sonja, uniq_joseph
Lair:2:   layout_chaotic_city, minmay_hedge_maze
Lair:3:   layout_chaotic_city, minmay_shoals_entry_centaurs, basic_altar,
          nicolae_lair_grazing_beasts [nicolae_sub_lair_graze_edge,
          nicolae_sub_lair_graze_edge, nicolae_sub_lair_graze_edge,
          nicolae_sub_lair_graze_edge], serial_bayou_shore_a,
          infiniplex_staircase_pool_2, lemuel_fruit_fields, uniq_gastronok
Lair:4:   layout_cave_pods, guppyfry_snake_entry_garden, gauntlet_entry_generic,
          kennysheep_basilisk_garden
Orc:1:    layout_caves
Orc:2:    grunt_orc_community_town_hall, layout_caves,
          grunt_orc_community_big_house_2, grunt_orc_community_big_house_2,
          grunt_orc_community_house_3, grunt_orc_community_house_1,
          grunt_orc_community_house_3, grunt_orc_community_house_2,
          grunt_orc_community_house_2, grunt_orc_community_house_2,
          serial_shops, nicolae_shop_waterfront, david_defended_altar_orc

Skill      XL: |  1  2  3  4  5  6  7  8  9 10 11 12 13 |
---------------+----------------------------------------+-----
Shields        | 4 5 6 7 8 10 11 13 | 13.2
Fighting       | 4 5 7 8 9 10 11 13 | 13.3
Armour         | 4 5 6 |  6.1
Long Blades    | 3 4 5 7 9 11 12 13 14 15 | 15.6
Dodging        | 1 2 3 4 6 8 9 11 12 | 12.3
Stealth        | 1 3 4 5 6 7 |  7.0

Action                   |  1- 3 |  4- 6 |  7- 9 | 10-12 | 13-15 || total
-------------------------+-------+-------+-------+-------+-------++-------
Melee: Long sword        |    49 |   128 |   138 |       |       ||   315
       Headbutt          |     5 |    19 |    42 |   120 |    98 ||   284
       Falchion          |       |       |    99 |   372 |     4 ||   475
       Scimitar          |       |       |       |   134 |   384 ||   518
  Use: Scroll            |     4 |     1 |     6 |     6 |     1 ||    18
       Potion            |     2 |       |     1 |     2 |     3 ||     8
 Stab: Sleeping          |       |       |     8 |    12 |     3 ||    23
       Distracted        |       |       |       |     1 |       ||     1
Armor: Scale mail        |    44 |    44 |       |       |       ||    88
       Robe              |       |    14 |    67 |   180 |    65 ||   326
Dodge: Dodged            |    28 |    76 |   126 |   306 |   203 ||   739
Block: Buckler           |    21 |    39 |    61 |     1 |       ||   122
       Kite shield       |       |       |       |   305 |   231 ||   536
